 Dungeon Crawl Stone Soup version 0.29.1-1-gd02db6906a (webtiles) character file.

Game seed: 14482642944050074918

61831 inmateoo the Grappler (level 14, -2/113 HPs)
             Began as a Demonspawn Gladiator on Sept 22, 2022.
             Was the Champion of Cheibriados.
             Slain by a gnoll
             ... wielding a +0 whip
              (6 damage)
             ... while paralysed by an orc sorcerer
             ... on level 2 of the Orcish Mines.
             The game lasted 00:22:12 (18386 turns).

inmateoo the Grappler (Demonspawn Gladiator)       Turns: 18386, Time: 00:22:12

Health: -2/113     AC: 11    Str: 32    XL:     14   Next: 62%
Magic:  21/21      EV:  2    Int: 25    God:    Cheibriados [******]
Gold:   846        SH:  0    Dex: 45    Spells: 13/13 levels left

rFire   + . .      SeeInvis .     - Unarmed
rCold   . . .      Faith    .   M - +0 buckler
rNeg    . . .      Spirit   .   z - +0 troll leather armour
rPois   .          Reflect  .   (helmet unavailable)
rElec   +          Harm     .   (no cloak)
rCorr   .          Rampage  .   E - +2 pair of gloves {Dex+3}
Will    +....                   w - +1 pair of boots
Stlth   ++++......              H - amulet of the acrobat
HPRegen 1.08/turn               Q - ring "Xinnybal" {Wiz rElec rF+ Str-2}
MPRegen 0.17/turn               k - +6 ring of dexterity

@: confused, paralysed, very slow
A: horns 3, thin skeletal structure 3, spiny 1
a: Renounce Religion, Bend Time, Temporal Distortion, Slouch, Step From Time


You were on level 2 of the Orcish Mines.
You worshipped Cheibriados.
Cheibriados was exalted by your worship.
You visited 4 branches of the dungeon, and saw 20 of its levels.

You collected 1158 gold pieces.
You spent 312 gold pieces at shops.

Inventory:

Missiles
 c - 2 throwing nets
 d - a javelin (quivered)
 D - 22 boomerangs
 L - 5 silver javelins
Armour
 w - a +1 pair of boots (worn)
 z - a +0 troll leather armour (worn)
 E - a +2 pair of gloves of dexterity (worn)
 K - a +0 kite shield
 M - a +0 buckler (worn)
Jewellery
 e - a +6 ring of intelligence
 h - a ring of protection from fire
 k - a +6 ring of dexterity (right hand)
 H - an amulet of the acrobat (around neck)
 Q - the ring "Xinnybal" (left hand) {Wiz rElec rF+ Str-2}
   (You found it on level 5 of the Lair of Beasts)

   [ring of wizardry]

   It improves your spell success rate.
   Str:       It affects your strength (-2).
   rF:        It protects you from fire.
   rElec:     It insulates you from electricity.
Wands
 j - a wand of digging (9)
 p - a wand of polymorph (9)
 u - a wand of roots (13)
 y - a wand of paralysis (13)
 I - a wand of flame (9)
 J - a wand of mindburst (15)
Scrolls
 a - 8 scrolls of identify
 b - 4 scrolls of enchant armour
 g - 4 scrolls of amnesia
 m - 5 scrolls of blinking
 n - 5 scrolls of teleportation
 o - 3 scrolls of magic mapping
 r - 2 scrolls of poison
 t - 4 scrolls of enchant weapon
 O - a scroll of silence
 P - a scroll of fear
Potions
 f - a potion of flight
 i - 2 potions of resistance
 l - 8 potions of mutation
 q - a potion of magic
 s - 11 potions of curing
 v - a potion of invisibility
 x - 10 potions of heal wounds
 A - 4 potions of brilliance
 B - 3 potions of berserk rage
 C - a potion of ambrosia
 F - 3 potions of lignification
 G - 3 potions of might
 N - 2 potions of cancellation


   Skills:
 + Level 11.1 Fighting
 - Level 5.0 Throwing
 + Level 10.0 Armour
 + Level 10.4 Dodging
 - Level 5.0 Shields
 * Level 14.3 Unarmed Combat
 - Level 10.0 Invocations


You had 13 spell levels left.
You didn't know any spells.
Your spell library contained the following spells:

 Spells                   Type           Power      Damage    Failure   Level
 Apportation              Tloc           0%         N/A       8%          1
 Confusing Touch          Hex            0%         N/A       22%         3
 Dazzling Flash           Conj/Hex       0%         N/A       22%         3
 Gell's Gravitas          Tloc           0%         N/A       22%         3
 Ignite Poison            Fire/Tmut/Pois 0%         N/A       22%         3
 Lesser Beckoning         Tloc           0%         N/A       22%         3
 Mephitic Cloud           Conj/Pois/Air  0%         N/A       22%         3
 Teleport Other           Tloc           0%         N/A       22%         3
 Tukima's Dance           Hex            0%         N/A       22%         3
 Corpse Rot               Necr/Pois/Air  0%         N/A       56%         4
 Dispel Undead            Necr           0%         3d6       56%         4
 Iskenderun's Mystic Bla  Conj/Tloc      0%         2d3       56%         4
 Passage of Golubria      Tloc           0%         N/A       56%         4
 Alistair's Intoxication  Tmut/Pois      0%         N/A       88%         5
 Blade Hands              Tmut           0%         N/A       88%         5
 Freezing Cloud           Conj/Ice/Air   0%         6-21      88%         5
 Irradiate                Conj/Tmut      0%         3d11      88%         5
 Silence                  Hex/Air        0%         N/A       88%         5
 Yara's Violent Unravell  Hex/Tmut       0%         3d3       88%         5
 Death Channel            Necr           0%         N/A       100%        6
 Starburst                Conj/Fire      0%         6d3       100%        6
 Dragon Form              Tmut           0%         N/A       100%        7
 Enfeeble                 Hex            0%         N/A       100%        7
 Lehudib's Crystal Spear  Conj/Erth      0%         10d2      100%        8


Dungeon Overview and Level Annotations

Branches:
Dungeon (12/15)            Temple (1/1) D:4            Lair (5/5) D:10
 Shoals (0/4) Lair:3        Snake (0/4) Lair:3        Slime (0/5) Lair:5
    Orc (2/2) D:11
    Elf: Orc:2

Altars:
Ashenzari
Cheibriados
Dithmenos
Fedhas
Gozag
Hepliaklqana
Kikubaaqudgha
Makhleb
Nemelex Xobeh
Okawaru
Qazlal
Ru
Sif Muna
Trog
Uskayaw
Vehumet
Wu Jian
Xom
Yredelemnul
Jiyva
Lugonu

Shops:
D:3 ?   D:6 *   D:7 !

Portals:
Abyss: Lair:5

Annotations:
D:5 2 transporters, raistware's ghost, novice OpCj
D:10 3 runed translucent doors, EvilAshe's ghost, novice MfGl
Lair:4 3 runed translucent doors, Raneoc's ghost, journeyman MiFi
Lair:5 exclusion: oklob plant


Innate Abilities, Weirdness & Mutations

You have a pair of large horns on your head.
You have an unnaturally thin skeletal structure. (Dex +6, Stealth+++)
You are partially covered in sharp spines.


Message History

You kill the orc!
Cheibriados appreciates the change of pace.
An orc warrior comes into view. It is wielding a +0 halberd.
You punch the gnoll!
You kill the gnoll!
Cheibriados appreciates the change of pace.
The orc sorcerer is struck by your spines.
The orc sorcerer closely misses you.
An orc comes into view. It is wielding a +0 flail.
An orc wizard comes into view. It is wielding a +0 dagger.
The orc warrior hits you from afar with a +0 glaive!
The orc warlord roars a battlecry!
The orc warrior goes into a battle-frenzy!
The gnoll completely misses you. The orc wizard completely misses you.
The orc wizard is struck by your spines.
The orc wizard closely misses you.
An orc warrior comes into view.
It is wielding a +0 war axe and wearing a +1 chain mail of cold resistance.
The ogre is struck by your spines. The ogre completely misses you.
The orc warrior is struck by your spines.
The orc warrior completely misses you. The orc wizard completely misses you.
The orc sorcerer points at you and mumbles some strange words.
You suddenly lose the ability to move!
You stop ascending the stairs.
The orc warrior hits you from afar with a +0 glaive!
The orc warrior is struck by your spines.
The orc warrior hits you with a +0 scimitar!!
The gnoll hits you from afar with a +0 halberd.
The orc wizard is struck by your spines.
The orc wizard hits you with a +0 dagger.
The orc warrior hits you but does no damage.
The ogre hits you but does no damage. The orc hits you but does no damage.
The orc warrior hits you from afar with a +0 glaive!!
* * * LOW HITPOINT WARNING * * *
The orc warrior is struck by your spines.
The orc warrior hits you with a +0 scimitar!
* * * LOW HITPOINT WARNING * * *
The orc warrior hits you but does no damage.
The gnoll hits you from afar with a +0 halberd.
* * * LOW HITPOINT WARNING * * *
The gnoll is struck by your spines. The gnoll hits you with a +0 whip.
You die...

....#.##...#..#
...............
.....$.........
...............
..._...........
.......g.......
......goO......
......o@og.....
......oooo.....
.....o.o.......
...............
$....oo...$....
....o.#oo......
.....o.....PP..
.........P.PP..


You could see an orc warlord, an orc sorcerer (strong), 7 orc warriors, an ogre,
3 orc wizards, 3 gnolls and 3 orcs.

Vanquished Creatures
  Snorg (D:11)
  Josephine (D:11)
  6 hydras
  3 two-headed ogres
  2 boulder beetles
  4 death yaks
  2 thrashing horrors (Lair:5)
  2 oklob plants (Lair:5)
  3 ugly things
  A merfolk siren (Lair:3)
  13 elephants
  4 smoke demons (Lair:5)
  8 black mambas
  A gargoyle (D:11)
  An unseen horror (D:7)
  2 kobold demonologists (D:11)
  13 cane toads
  An efreet (D:11)
  10 komodo dragons
  10 rime drakes
  An ancient zyme (Lair:5)
  A polar bear (Lair:5)
  7 trolls
  A hornet (D:8)
  25 blink frogs
  8 wraiths
  10 spriggans
  42 yaks
  A ynoxinul (Lair:5)
  A vampire (D:10)
  11 wyverns
  10 basilisks
  6 vampire mosquitoes
  4 chaos spawn (Lair:5)
  A warg (Orc:1)
  10 water moccasins
  3 large abominations (Lair:5)
  12 orc warriors
  2 ice beasts
  2 sky beasts
  6 ogres
  2 black bears
  7 centaurs
  18 wolves
  2 phantoms (D:6)
  7 small abominations (Lair:5)
  4 kobold brigands
  3 necrophages (D:7)
  11 bullfrogs
  2 gnoll sergeants
  8 scorpions
  3 wights (D:10)
  10 killer bees
  A howler monkey (D:5)
  2 hounds (D:6)
  3 jellies
  A gnoll bouda (D:7)
  4 orc priests
  3 iguanas
  12 orc wizards
  4 hell rats (Lair:4)
  12 gnolls
  6 adders
  3 ufetubi
  A worm (D:3)
  2 dart slugs
  64 orcs
  8 ball pythons
  5 endoplasms
  8 goblins
  7 hobgoblins
  2 jackals (D:1)
  3 quokkas
  3 bats (D:1)
  5 frilled lizards
  19 kobolds
  6 rats
513 creatures vanquished.

Vanquished Creatures (others)
  A bush (Lair:5)
  18 fungi
  45 plants
64 creatures vanquished.

Grand Total: 577 creatures vanquished

Notes
Turn   | Place    | Note
-------+----------+-------------------------------------------
     0 | D:1      | inmateoo the Demonspawn Gladiator began the quest for the
                  | Orb.
     0 | D:1      | Reached XP level 1. HP: 16/16 MP: 1/1
   224 | D:1      | Gained mutation: You have a pair of small horns on your
                  | head. [demonic ancestry]
   224 | D:1      | Reached XP level 2. HP: 8/22 MP: 2/2
   577 | D:1      | Reached skill level 3 in Unarmed Combat
  1140 | D:1      | Found a faded altar of an unknown god.
  1271 | D:1      | Gained mutation: You have a somewhat thin skeletal
                  | structure. (Dex +2, Stealth+) [demonic ancestry]
  1271 | D:1      | Reached XP level 3. HP: 23/28 MP: 3/3
  1866 | D:2      | Found an opulent altar of Gozag.
  1903 | D:2      | Reached skill level 1 in Armour
  2115 | D:2      | Noticed an ogre
  2337 | D:3      | Reached XP level 4. HP: 24/34 MP: 4/4
  2459 | D:3      | Found Kuschungo's Magic Scroll Emporium.
  3470 | D:3      | Found a hazy altar of Hepliaklqana.
  3471 | D:3      | Found a shimmering altar of Xom.
  3472 | D:3      | Noticed a spectral ugly thing
  3803 | D:4      | Noticed an ogre
  3829 | D:3      | Killed an ogre
  3830 | D:3      | Reached skill level 4 in Unarmed Combat
  3830 | D:3      | Reached XP level 5. HP: 26/41 MP: 5/5
  3993 | D:4      | Noticed an ogre
  3995 | D:4      | Found a staircase to the Ecumenical Temple.
  4001 | D:4      | Killed an ogre
  4002 | D:4      | Gained mutation: You are partially covered in sharp spines.
                  | [demonic ancestry]
  4002 | D:4      | Reached XP level 6. HP: 37/47 MP: 6/6
  4580 | D:5      | Entered Level 5 of the Dungeon
  4685 | D:5      | Reached skill level 5 in Unarmed Combat
  4685 | D:5      | Reached XP level 7. HP: 48/53 MP: 7/7
  4948 | Temple   | Entered the Ecumenical Temple
  5085 | Temple   | Became a worshipper of Cheibriados the Contemplative
  5382 | D:5      | Reached skill level 1 in Invocations
  5611 | D:5      | Found a transporter.
  5611 | D:5      | Noticed raistware's ghost (novice OpCj)
  5654 | D:5      | Gained mutation: You have a moderately thin skeletal
                  | structure. (Dex +4, Stealth++) [demonic ancestry]
  5654 | D:5      | Reached XP level 8. HP: 60/61 MP: 9/9
  5766 | D:5      | Found a transporter.
  6313 | D:6      | Reached skill level 6 in Unarmed Combat
  6518 | D:6      | Reached * piety under Cheibriados
  6723 | D:6      | Reached skill level 5 in Dodging
  6725 | D:6      | HP: 1/61 [gnoll/+0 halberd[a gnoll sergeant] (12)]
  6930 | D:6      | Found Damaulut's Assorted Antiques.
  6937 | D:6      | Bought a scroll of identify for 42 gold pieces
  6937 | D:6      | Bought a scroll labelled KICLUIBETAU for 21 gold pieces
  6937 | D:6      | Bought 2 potions of curing for 126 gold pieces
  6937 | D:6      | Bought a golden potion for 18 gold pieces
  6938 | D:6      | Bought a small zirconium amulet for 105 gold pieces
  7100 | D:6      | Reached skill level 5 in Fighting
  7381 | D:6      | Reached skill level 7 in Unarmed Combat
  7381 | D:6      | Gained mutation: You have a pair of horns on your head.
                  | [demonic ancestry]
  7381 | D:6      | Reached XP level 9. HP: 66/68 MP: 12/12
  7632 | D:7      | Reached ** piety under Cheibriados
  7786 | D:7      | Reached skill level 5 in Invocations
  7827 | D:7      | Noticed a troll
  7880 | D:7      | Killed a troll
  8092 | D:7      | Noticed a boulder beetle
  8111 | D:7      | Reached skill level 5 in Armour
  8111 | D:7      | Reached skill level 8 in Unarmed Combat
  8140 | D:7      | Found Ixirchogg's Distillery.
  8210 | D:7      | Noticed a troll
  8485 | D:8      | Paralysed by a hornet for 2 turns
  8816 | D:8      | Reached *** piety under Cheibriados
  9075 | D:8      | Reached XP level 10. HP: 71/76 MP: 14/14
  9554 | D:9      | Noticed a two-headed ogre
  9562 | D:9      | Reached **** piety under Cheibriados
  9567 | D:9      | Killed a two-headed ogre
  9727 | D:10     | Entered Level 10 of the Dungeon
  9739 | D:10     | Reached skill level 9 in Unarmed Combat
  9773 | D:10     | Found a runed translucent gate.
  9773 | D:10     | Found a runed translucent gate.
  9773 | D:10     | Noticed EvilAshe's ghost (novice MfGl)
  9774 | D:10     | Found a runed translucent gate.
 10117 | D:10     | Noticed a two-headed ogre
 10128 | D:10     | Killed a two-headed ogre
 10192 | D:10     | Found a staircase to the Lair.
 10377 | D:10     | Reached ***** piety under Cheibriados
 10589 | D:11     | Gained mutation: You have an unnaturally thin skeletal
                  | structure. (Dex +6, Stealth+++) [demonic ancestry]
 10589 | D:11     | Reached XP level 11. HP: 84/84 MP: 16/16
 10706 | D:11     | Noticed Josephine
 10735 | D:11     | Killed Josephine
 10831 | D:11     | Noticed Snorg
 10845 | D:11     | Killed Snorg
 10989 | D:11     | Reached skill level 10 in Unarmed Combat
 11018 | D:11     | Found a staircase to the Orcish Mines.
 11024 | D:11     | Noticed a two-headed ogre
 11037 | D:11     | Killed a two-headed ogre
 11464 | D:12     | Noticed a purple ugly thing
 11508 | D:12     | Killed a purple ugly thing
 11962 | D:12     | Noticed a cyan ugly thing
 11977 | D:12     | Killed a cyan ugly thing
 12108 | D:12     | Found an iron altar of Okawaru.
 12512 | D:9      | Reached skill level 5 in Throwing
 12736 | D:7      | Found Yroh's Weapon Shop.
 12828 | D:7      | Killed a boulder beetle
 12829 | D:7      | Reached XP level 12. HP: 43/93 MP: 18/18
 13032 | Lair:1   | Entered Level 1 of the Lair of Beasts
 13094 | Lair:1   | You fall into a shaft and drop 1 floor!
 13186 | Lair:2   | Reached skill level 11 in Unarmed Combat
 13261 | Lair:1   | Reached ****** piety under Cheibriados
 13398 | Lair:1   | Reached skill level 1 in Shields
 13425 | Lair:1   | Reached skill level 10 in Invocations
 14486 | Lair:3   | Found a staircase to the Snake Pit.
 14599 | Lair:3   | Noticed a four-headed hydra
 14607 | Lair:3   | Killed a four-headed hydra
 14609 | Lair:3   | Reached skill level 12 in Unarmed Combat
 14632 | Lair:3   | Reached XP level 13. HP: 101/101 MP: 20/20
 14713 | Lair:3   | Found a staircase to the Shoals.
 15690 | Lair:4   | Found a runed translucent gate.
 15690 | Lair:4   | Found a runed translucent gate.
 15690 | Lair:4   | Noticed Raneoc's ghost (journeyman MiFi)
 15691 | Lair:4   | Found a runed translucent gate.
 15800 | Lair:4   | Reached skill level 10 in Fighting
 15804 | Lair:4   | Reached skill level 13 in Unarmed Combat
 16227 | Lair:5   | Entered Level 5 of the Lair of Beasts
 16297 | Lair:5   | Reached skill level 5 in Shields
 16370 | Lair:5   | Gained mutation: You have a pair of large horns on your
                  | head. [demonic ancestry]
 16370 | Lair:5   | Reached XP level 14. HP: 86/110 MP: 21/21
 16604 | Lair:5   | Found a viscous altar of Jiyva.
 16607 | Lair:5   | Found a staircase to the Slime Pits.
 16822 | Lair:5   | Reached skill level 10 in Dodging
 17041 | Lair:5   | Reached skill level 14 in Unarmed Combat
 17605 | Lair:5   | Identified the ring "Xinnybal" {Wiz rElec rF+ Str-2}
 17693 | Lair:5   | Found a corrupted altar of Lugonu.
 17693 | Lair:5   | Found a one-way gate to the infinite horrors of the Abyss.
 18048 | Orc:1    | Entered Level 1 of the Orcish Mines
 18061 | Orc:1    | Reached skill level 10 in Armour
 18342 | Orc:1    | Found a bloodstained altar of Trog.
 18342 | Orc:1    | Found the +8 Wrath of Trog {antimagic, *Rage Rampage}
 18375 | Orc:2    | Entered Level 2 of the Orcish Mines
 18376 | Orc:2    | Paralysed by an orc sorcerer for 4 turns
 18376 | Orc:2    | Noticed an orc warlord
 18385 | Orc:2    | Paralysed by an orc sorcerer for 4 turns
 18386 | Orc:2    | HP: 4/113 [gnoll/+0 halberd (6)]
 18386 | Orc:2    | Slain by a gnoll

Illustrated notes

Levels and vault maps discovered:
D:1:      dpeg_arrival_boxorama, layout_loops_corners,
          shapermc_ecumenical_altar_mp_ritualfount, minmay_misc_feat_enclosed
D:2:      layout_rooms, basic_altar, lightli_corner_chamber
D:3:      layout_loops_ring, regret_index_temple_of_mockery, serial_shops,
          nicolae_shop_stone, serial_rivers, chequers_serial_rivers_micro_c,
          chequers_serial_rivers_large_b, chequers_serial_rivers_micro_a,
          chequers_serial_rivers_room_b, chequers_serial_rivers_micro_c
D:4:      layout_cave_pools, minmay_temple_entry_from_below_b, minmay_liquid_box
D:5:      layout_layer_cave, gammafunk_ghost_mausoleum,
          kennysheep_generic_room_13
D:6:      layout_basic, serial_shops, shop, kennysheep_flooded_box
D:7:      minmay_spotlight, layout_loops_cross, serial_shops,
          nicolae_shop_stone, shop, kb_rosetta
D:8:      layout_gridville
D:9:      layout_roguey
D:10:     layout_roguey, dpeg_oklobed_lair, gammafunk_ghost_nasty_kobolds,
          chequers_serial_rivers_small_a
D:11:     layout_roguey, david_orc_5, serial_corexii_hall,
          corexii_hall_statues_l, corexii_hall_statues_l, uniq_snorg,
          uniq_josephine
D:12:     layout_stronghold, okawaru_trees_2
Temple:   nicolae_temple_slightly_damp_pantheon
Lair:1:   kb_forest_paths, layout_big_grid
Lair:2:   layout_big_grid
Lair:3:   layout_loops_ring, elwin_shoals_entry_rooms, dummy_snake_entry,
          minmay_shattered_shrine
Lair:4:   layout_roguey, gammafunk_ghost_hydra_chop, special_room
          [special_room_mythical_zoo], serial_bayou_pond_a,
          serial_bayou_shore_b, grunt_megastairs_2, infiniplex_staircase_pool_2,
          serial_bayou_shore_b
Lair:5:   hellmonk_lair_end_abyssal_woods, layout_loops_ring,
          minmay_slime_entry_oklob_enclosed
Orc:1:    emtedronai_trogs_sanctum, layout_caves, uniq_erolcha
Orc:2:    grunt_orc_gardens, layout_caves, grunt_orc_garden, grunt_orc_garden,
          grunt_orc_garden, grunt_orc_garden, basic_altar, serial_shops,
          bzr_firewalk

Skill      XL: |  1  2  3  4  5  6  7  8  9 10 11 12 13 14 |
---------------+-------------------------------------------+-----
Unarmed Combat | 3 4 5 7 8 9 10 12 13 14 | 14.3
Dodging        | 3 4 5 6 7 8 9 10 | 10.4
Armour         | 1 2 3 4 5 6 7 8 9 10 | 10.0
Fighting       | 3 4 5 6 7 8 9 10 11 | 11.1
Invocations    | 2 4 6 7 9 10 | 10.0
Throwing       | 2 3 5 |  5.0
Shields        | 3 5 |  5.0

Action                   |  1- 3 |  4- 6 |  7- 9 | 10-12 | 13-15 || total
-------------------------+-------+-------+-------+-------+-------++-------
Melee: Unarmed           |   120 |   111 |   233 |   549 |   492 ||  1505
       Punch             |     6 |     3 |    13 |    23 |       ||    45
       Headbutt          |    29 |    26 |    54 |   158 |   166 ||   433
Throw: Throwing net      |       |     2 |     2 |     1 |       ||     5
       Boomerang         |       |       |     4 |    19 |       ||    23
       Javelin           |       |       |     1 |     1 |       ||     2
Invok: Slouch            |       |       |       |       |     2 ||     2
Evoke: Wand              |       |       |       |     4 |       ||     4
  Use: Scroll            |     4 |     4 |    17 |     3 |     5 ||    33
       Potion            |       |       |     3 |     1 |       ||     4
 Stab: Sleeping          |     4 |     2 |    16 |    12 |    11 ||    45
       Distracted        |       |     2 |       |     1 |    10 ||    13
       Held in net/web   |       |       |       |     1 |       ||     1
Armor: Leather armour    |    25 |    17 |    45 |       |       ||    87
       Troll leather arm |       |       |    11 |    98 |    71 ||   180
       Skin              |       |       |     4 |       |       ||     4
Dodge: Dodged            |    76 |    70 |   193 |   551 |   437 ||  1327
Block: Buckler           |       |       |       |    68 |   210 ||   278
